 Dungeon Crawl Stone Soup version 0.17-a0-18-gc25b939 (console) character file.

29 Monkaria the Slasher (level 3, -1/33 HPs)
             Began as a Minotaur Chaos Knight on Mar 6, 2015.
             Slain by Crazy Yiuf
             ... wielding a +3 quarterstaff of chaos
              (13 damage)
             ... on level 2 of the Dungeon.
             The game lasted 00:01:39 (774 turns).

Monkaria the Slasher (Minotaur Chaos Knight)         Turns: 774, Time: 00:01:40

Health: -1/33      AC:  5    Str: 16    XL:     3   Next: 1%
Magic:  2/2        EV: 11    Int:  9    God:    Xom [*.....]
Gold:   58         SH:  0    Dex: 10    Spells: 0 memorised, 2 levels left

rFire  + . .     SeeInvis .     a - +0 falchion (chaos)
rCold  x . .     Clarity  .     b - +2 leather armour
rNeg   . . .     SustAb   .     (no shield)
rPois  .         Gourm    .     (helmet restricted)
rElec  .         Spirit   .     (no cloak)
rCorr  .         Warding  .     (no gloves)
rMut   .         Stasis   .     (no boots)
MR     .....                    o - amulet of faith
Stlth  +.........               (no ring)
                                h - ring of fire

@: not resistant to hostile enchantments, very unstealthy
A: retaliatory headbutt, horns 2
a: Renounce Religion


You were on level 2 of the Dungeon.
You worshipped Xom.
You were a special plaything of Xom.
You were not hungry.

You visited 1 branch of the dungeon, and saw 2 of its levels.

You collected 58 gold pieces.

Inventory:

Hand weapons
 a - a +0 falchion of chaos (weapon)
Armour
 b - a +2 leather armour (worn)
Jewellery
 h - a ring of fire (left hand)
 o - an amulet of faith (around neck)
Scrolls
 d - a scroll of remove curse {unknown}
 g - 2 scrolls of random uselessness {unknown}
 k - a scroll of immolation {unknown}
 m - a scroll of teleportation {unknown}
 n - a scroll of enchant weapon {unknown}
Potions
 e - 3 potions of curing {unknown}
 i - a potion of lignification {unknown}
Books
 l - a book of Annihilations {highlevel, unknown}

   This book is beyond your current level of understanding.

   Spells                             Type                      Level
   a - Poison Arrow                   Conjuration/Poison           6
   b - Chain Lightning                Conjuration/Air              8
   c - Lehudib's Crystal Spear        Conjuration/Earth            8
   d - Glaciate                       Conjuration/Ice              9
   e - Fire Storm                     Conjuration/Fire             9
Comestibles
 c - 2 bread rations
 f - 2 royal jellies
 j - 2 beef jerkies


   Skills:
 + Level 4.1 Fighting
 * Level 4.7 Long Blades
 - Level 2.4 Armour
 - Level 1.1 Dodging


You had 2 spell levels left.
You didn't know any spells.

Dungeon Overview and Level Annotations

Branches:
Dungeon (2/15)

Altars:

Annotations:
D:2 Crazy Yiuf


Innate Abilities, Weirdness & Mutations

You reflexively headbutt those who attack you in melee.
You have a pair of horns on your head.


Message History

Crazy Yiuf the Enlightened opens the door.
He is wielding a quarterstaff of chaos.
Crazy Yiuf barely misses you. You furiously retaliate!
You headbutt Crazy Yiuf.
There is an open door here.
You hit Crazy Yiuf.
Crazy Yiuf is lightly wounded.
Crazy Yiuf barely misses you.
You closely miss Crazy Yiuf.
Crazy Yiuf is lightly wounded.
Crazy Yiuf hits you with a quarterstaff of chaos!
Crazy Yiuf freezes you.
You barely miss Crazy Yiuf.
Crazy Yiuf is lightly wounded.
Crazy Yiuf hits you with a quarterstaff of chaos!
Crazy Yiuf draws strength from your injuries!
You hit Crazy Yiuf.
Crazy Yiuf is moderately wounded.
Crazy Yiuf considers dialectic materialism.
Crazy Yiuf hits you with a quarterstaff of chaos!
You die...
Xom snickers!

#..........#
##..##
...........#
♣..♣.♣
#..........#
♣♣...♣
#........>.#
♣♣.♣♣
#.##########
♣♣.♣ ...
♣.♣♣ #..
♣♣.♣ ....
♣.♣♣ .. #@#
#.g.# #...#
#)..# #####


You could see Crazy Yiuf.

Vanquished Creatures
  A crimson imp (D:1)
  An adder (D:2)
  2 goblins (D:1)
  2 hobgoblins (D:1)
  6 kobolds
  2 oozes (D:1)
  A bat (D:1)
  2 giant cockroaches (D:1)
  4 giant newts
  2 rats
23 creatures vanquished.

Notes
Turn   | Place    | Note
--------------------------------------------------------------
     0 | D:1      | Monkaria, the Minotaur Chaos Knight, began the quest for the Orb.
     0 | D:1      | Reached XP level 1. HP: 19/19 MP: 1/1
    43 | D:1      | Reached skill level 4 in Long Blades
    70 | D:1      | Reached XP level 2. HP: 20/27 MP: 1/1
   296 | D:1      | XOM: harmless Divn miscast
   448 | D:1      | XOM: summons 1 hostile demon
   488 | D:2      | XOM: 1-stop teleportation journey
   490 | D:2      | XOM: 4-stop teleportation journey
   500 | D:2      | Reached XP level 3. HP: 28/33 MP: 2/2
   766 | D:2      | Noticed Crazy Yiuf
   774 | D:2      | Slain by Crazy Yiuf

Action                   || total
-------------------------++-------
Melee: Falchion          ||    52
 Stab: Petrifying        ||     1
       Sleeping          ||     1
